 Dungeon Crawl Stone Soup version 0.19-a0-1932-g59670f6 (webtiles) character file.

7369 tboon the Cleaver (level 10, -3/91 HPs)
             Began as a Minotaur Fighter on Oct 25, 2016.
             Was a Believer of Okawaru.
             Slain by a yak (6 damage)
             ... on level 1 of the Lair of Beasts.
             The game lasted 00:37:53 (10104 turns).

tboon the Cleaver (Minotaur Fighter)               Turns: 10104, Time: 00:37:53

Health: -3/91      AC: 18    Str: 27    XL:     10   Next: 91%
Magic:  1/3        EV: 11    Int: 10    God:    Okawaru [**....]
Gold:   532        SH:  0    Dex: 11    Spells: 0 memorised, 9 levels left

rFire  . . .     SeeInvis +     w - +5 morningstar "Newtslayer" {antimagic, Str+3 Int+4}
rCold  . . .     Gourm    +     i - +0 chain mail
rNeg   . . .     Faith    .     (no shield)
rPois  .         Spirit   .     (helmet restricted)
rElec  .         Reflect  .     y - +2 cloak
rCorr  .         Harm     .     (no gloves)
MR     .....                    o - +0 pair of boots
Stlth  ..........               x - amulet of the gourmand
                                L - ring of see invisible
                                d - +2 ring of strength

@: heroism
A: retaliatory headbutt, horns 2
a: Heroism, Renounce Religion


You were on level 1 of the Lair of Beasts.
You worshipped Okawaru.
Okawaru was pleased with you.
You were completely stuffed.

You visited 3 branches of the dungeon, and saw 11 of its levels.
You also visited: Sewer.

You collected 532 gold pieces.

Inventory:

Hand Weapons
 w - the +5 morningstar "Newtslayer" (weapon) {antimagic, Str+3 Int+4}
   (You found it on level 5 of the Dungeon)

   It reduces the magical energy of the wielder, and disrupts the spells and
   magical abilities of those hit.
   Natural abilities and divine invocations are not affected.
   It affects your strength (+3).
   It affects your intelligence (+4).
 X - a +0 battleaxe
Missiles
 Y - 6 tomahawks of returning (quivered)
Armour
 i - a +0 chain mail (worn)
 o - a +0 pair of boots (worn)
 y - a +2 cloak (worn)
Jewellery
 d - a +2 ring of strength (left hand)
 m - a +3 ring of dexterity
 n - an uncursed ring of protection from cold
 x - an amulet of the gourmand (around neck)
 L - a ring of see invisible (right hand)
Wands
 C - a wand of confusion (20/48)
 M - a wand of random effects (27/48)
 Q - a wand of polymorph (14/24)
 S - a wand of iceblast (11/15)
 U - a wand of confusion (20/48)
 W - a wand of teleportation (6/9)
Scrolls
 b - 3 scrolls of remove curse
 h - 3 scrolls of amnesia
 l - 3 scrolls of fear
 q - a scroll of enchant weapon {unknown}
 s - 2 scrolls of teleportation
 A - 2 scrolls of recharging
 D - 2 scrolls of fog
 E - a scroll of magic mapping
 F - 3 scrolls of blinking
 R - a scroll of enchant armour {unknown}
Potions
 g - 2 potions of ambrosia {unknown}
 p - a potion of cancellation {unknown}
 r - 2 potions of flight {unknown}
 t - 2 potions of haste {unknown}
 v - a potion of degeneration {unknown}
 G - 4 potions of heal wounds
 H - 3 potions of curing {unknown}
 I - a potion of magic {unknown}
 O - a potion of might
 P - a potion of brilliance {unknown}
Books
 B - a book of Conjurations

   Spells                             Type                      Level
   a - Magic Dart                     Conjuration                  1
   b - Searing Ray                    Conjuration                  2
   c - Dazzling Spray                 Conjuration/Hexes            3
   d - Fulminant Prism                Conjuration/Hexes            4
   e - Iskenderun's Mystic Blast      Conjuration                  4
   f - Iskenderun's Battlesphere      Conjuration/Charms           5
 J - a book of Callings

   Spells                             Type                      Level
   a - Summon Small Mammal            Summoning                    1
   b - Call Imp                       Summoning                    2
   c - Call Canine Familiar           Summoning                    3
   d - Summon Guardian Golem          Hexes/Summoning              3
   e - Summon Lightning Spire         Summoning/Air                4
   f - Summon Ice Beast               Ice/Summoning                4
 K - a book of Frost

   Spells                             Type                      Level
   a - Freeze                         Ice                          1
   b - Throw Frost                    Conjuration/Ice              2
   c - Ozocubu's Armour               Charms/Ice                   3
   d - Throw Icicle                   Conjuration/Ice              4
   e - Summon Ice Beast               Ice/Summoning                4
Comestibles
 f - 7 bread rations
 j - 6 meat rations
 k - 12 beef jerkies
 u - 3 slices of pizza
 z - 4 fruits
 N - a royal jelly


   Skills:
 + Level 9.4(14.4) Fighting
 * Level 12.3(17.3) Axes
 - Level 1.0(13.1) Maces & Flails
 + Level 9.6(14.6) Armour
 - Level 0.4(5.4) Dodging
 - Level 0.3(5.3) Stealth
   Level 9.5(14.5) Shields
 + Level 3.2 Invocations


You had 9 spell levels left.
You didn't know any spells.

Dungeon Overview and Level Annotations

Branches:
Dungeon (9/15)             Temple (1/1) D:4            Lair (1/6) D:9
    Orc: D:9-12

Altars:
Ashenzari
Cheibriados
Dithmenos
Elyvilon
Fedhas
Gozag
Hepliaklqana
Kikubaaqudgha
Makhleb
Nemelex Xobeh
Okawaru
Qazlal
Ru
Sif Muna
Trog
Uskayaw
Vehumet
Xom
Yredelemnul
Zin
The Shining One

Shops:
D:8 %


Innate Abilities, Weirdness & Mutations

You reflexively headbutt those who attack you in melee.
You have a pair of horns on your head.


Message History

The river rat misses you. You furiously retaliate!
You headbutt the river rat! The yak gores you but does no damage.
The yak closely misses you.
A river rat comes into view.
You impale the eight-headed hydra!! You headbutt the eight-headed hydra.
The eight-headed hydra is severely wounded.
The eight-headed hydra bites you! x2
* * * LOW HITPOINT WARNING * * *
The eight-headed hydra bites you!
* * * LOW HITPOINT WARNING * * *
The eight-headed hydra bites you but does no damage.
The eight-headed hydra bites you.
* * * LOW HITPOINT WARNING * * *
The eight-headed hydra closely misses you.
The eight-headed hydra bites you.
* * * LOW HITPOINT WARNING * * *
The eight-headed hydra closely misses you.
The rat bites you but does no damage. The river rat bites you.
* * * LOW HITPOINT WARNING * * *
The river rat misses you. The yak gores you.
You die...

. .........# ..
...#...( ...###
.......# Y..[..
......# #...#.#
......#
.......##....#
#.?YYr.##
#..####Y#@rr.#
#......YD#r......
#####...Y###≈...#
#^.....# r≈.#
#.....### ≈##
#...... # .......
....##. .... ##


You could see an eight-headed hydra, 4 yaks, 4 river rats and a rat.

Vanquished Creatures
  Erica (D:9)
  An elephant (D:9)
  The ghost of mukkel the Skirmisher, a novice HOMo (D:5)
  The ghost of SVVessel the Shooter, an amateur MiHu (D:6)
  6 yaks
  A basilisk (D:8)
  2 humans (D:7)
  2 water moccasins (D:8)
  2 ice beasts
  2 orc warriors
  A sky beast (D:9)
  A black bear (D:6)
  2 phantoms
  3 centaurs
  9 ogres
  The ghost of dickylongcocking the Ruffian, an amateur DrTm (D:4)
  A crocodile (D:9)
  A big kobold (D:9)
  8 bullfrogs
  A gnoll sergeant (D:6)
  A water moccasin zombie (D:5)
  A scorpion (D:8)
  A wyvern skeleton (D:7)
  A howler monkey (D:6)
  2 jellies (D:9)
  A bullfrog zombie (D:8)
  8 crimson imps
  3 orc priests
  3 bullfrog skeletons
  2 centaur zombies
  3 hounds
  Crazy Yiuf (D:3)
  2 centaur skeletons
  6 iguanas
  Natasha (thrice) (D:3)
  3 orc wizards
  5 worker ants
  A hound zombie (D:7)
  Robin (D:3)
  A worker ant zombie (D:8)
  5 gnolls (D:6)
  A howler monkey skeleton (D:5)
  10 adders
  3 river rats
  4 shadow imps
  3 oozes
  An adder skeleton (D:8)
  5 worms
  2 dart slugs (D:1)
  6 leopard geckos
  15 orcs
  5 giant cockroaches
  17 goblins
  13 hobgoblins
  3 jackals (D:8)
  11 kobolds
  4 quokkas
  21 ball pythons
  7 bats
  4 frilled lizards
  2 leopard gecko skeletons (D:4)
  A leopard gecko zombie (D:8)
  A quokka skeleton (D:4)
  28 rats
268 creatures vanquished.

Vanquished Creatures (others)
  5 dream sheep (D:8)
5 creatures vanquished.

Grand Total: 273 creatures vanquished

Notes
Turn   | Place    | Note
-------+----------+-------------------------------------------
     0 | D:1      | tboon the Minotaur Fighter began the quest for the Orb.
     0 | D:1      | Reached XP level 1. HP: 19/19 MP: 0/0
   246 | D:1      | Reached XP level 2. HP: 25/27 MP: 1/1
   536 | D:1      | Reached skill level 3 in Axes
   955 | D:2      | Reached XP level 3. HP: 33/33 MP: 2/2
  1245 | D:2      | Found a stormy altar of Qazlal.
  1797 | D:3      | Noticed Natasha
  1802 | D:3      | Killed Natasha
  1802 | D:3      | Reached XP level 4. HP: 40/40 MP: 3/3
  1805 | D:3      | Noticed Natasha
  1811 | D:3      | Killed Natasha
  1811 | D:3      | Reached skill level 4 in Axes
  1907 | D:3      | Found an opulent altar of Gozag.
  1930 | D:3      | Noticed Natasha
  1939 | D:3      | Killed Natasha
  1939 | D:3      | Reached XP level 5. HP: 46/46 MP: 4/4
  2061 | D:3      | Noticed Robin
  2073 | D:3      | Killed Robin
  2335 | D:3      | Found a shattered altar of Ashenzari.
  2358 | D:3      | Reached skill level 5 in Shields
  2363 | D:3      | Reached skill level 5 in Axes
  2608 | D:3      | Found a runed door.
  3071 | D:3      | Noticed Crazy Yiuf
  3075 | D:3      | Killed Crazy Yiuf
  3075 | D:3      | Reached XP level 6. HP: 32/53 MP: 5/5
  3346 | D:4      | Found a staircase to the Ecumenical Temple.
  3352 | Temple   | Entered the Ecumenical Temple
  3600 | D:4      | Noticed dickylongcocking's ghost (amateur DrTm)
  3617 | D:4      | Killed dickylongcocking's ghost
  3617 | D:4      | Reached skill level 5 in Armour
  3761 | D:4      | Reached skill level 1 in Maces & Flails
  3870 | D:4      | Found a glowing drain.
  3911 | Sewer    | Entered a sewer
  4072 | Sewer    | Reached skill level 6 in Axes
  4169 | Sewer    | Reached XP level 7. HP: 60/60 MP: 6/6
  4231 | Sewer    | Reached skill level 5 in Fighting
  4829 | D:5      | Entered Level 5 of the Dungeon
  4830 | D:5      | Reached skill level 7 in Axes
  5057 | D:5      | Reached XP level 8. HP: 69/69 MP: 7/7
  5112 | D:5      | Noticed mukkel's ghost (novice HOMo)
  5121 | D:5      | Killed mukkel's ghost
  5121 | D:5      | Reached skill level 8 in Axes
  5129 | D:5      | Got a steaming morningstar
  5728 | D:6      | Reached skill level 9 in Axes
  5971 | D:6      | Noticed SVVessel's ghost (amateur MiHu)
  5987 | D:6      | Killed SVVessel's ghost
  5987 | D:6      | Reached XP level 9. HP: 79/79 MP: 8/8
  6317 | D:6      | Found a glowing golden altar of the Shining One.
  6642 | D:6      | Identified the +5 morningstar "Newtslayer" {antimagic, Str+3 Int+4} (You found it on level 5 of the Dungeon)
  6703 | D:7      | Reached skill level 10 in Axes
  6812 | D:7      | Found an iron altar of Okawaru.
  6834 | D:7      | Became a worshipper of Warmaster Okawaru
  6912 | D:7      | Found a radiant altar of Vehumet.
  7002 | D:7      | Found a faded altar of an unknown god.
  7002 | D:7      | Found a faded altar of an unknown god.
  7007 | D:7      | Found a basalt altar of Yredelemnul.
  7009 | D:7      | Found a faded altar of an unknown god.
  7010 | D:7      | Found a faded altar of an unknown god.
  7610 | D:8      | Found Muuklept's Food Shop.
  7711 | D:8      | Reached skill level 11 in Axes
  7825 | D:8      | Reached * piety under Okawaru
  7839 | D:8      | Reached XP level 10. HP: 88/88 MP: 9/9
  8430 | D:8      | Found a shimmering altar of Xom.
  8908 | D:9      | Reached skill level 1 in Invocations
  8929 | D:9      | Reached ** piety under Okawaru
  9112 | D:9      | Found a staircase to the Lair.
  9112 | D:9      | Noticed an elephant
  9132 | D:9      | Killed an elephant
  9159 | Lair:1   | Entered Level 1 of the Lair of Beasts
  9165 | Lair:1   | Noticed an eight-headed hydra
  9388 | D:9      | Noticed Erica
  9398 | D:9      | Killed Erica
  9398 | D:9      | Reached skill level 12 in Axes
  9758 | D:9      | Found a shadowy altar of Dithmenos.
 10104 | Lair:1   | HP: 3/91 [river rat (6)]
 10104 | Lair:1   | Slain by a yak

Vault maps used:
D:1:      minmay_arrival_jagged
D:2:      lemuel_doored_altar
D:3:      nicolae_gozag_seed_capital, lemuel_round_altar, uniq_natasha,
          uniq_robin, uniq_crazy_yiuf_cottage
D:4:      portal_sewer_entry_b
D:5:      first_bread
D:6:      marbit_many_paths, bh_walls_and_bars
D:7:      okawaru_humans, chequers_temple_overflow_minitemple, serial_glass,
          glass_columns_b, glass_columns_c, basic_altar
D:8:      serial_shops, shop, grunt_ogre_cave, kb_xom_exploding_sheep
D:9:      overflow_temple_1_default, david_lair_generic, uniq_erica
Temple:   eino_temple_lava
Lair:1:   kennysheep_rathole, uniq_sonja
Sewer:    sewer_minmay_w

Skill      XL: |  1  2  3  4  5  6  7  8  9 10 |
---------------+-------------------------------+-----
Shields        | 4 5 6 7 8 9 |  9.5
Axes           | 3 4 5 6 7 9 11 12 | 12.3
Armour         | 4 5 7 8 9 |  9.6
Fighting       | 4 5 7 8 9 |  9.4
Maces & Flails | 1 |  1.0
Invocations    | 3 |  3.2
Dodging        | |  0.4
Stealth        | |  0.3

Action                   |  1- 3 |  4- 6 |  7- 9 | 10-12 || total
-------------------------+-------+-------+-------+-------++-------
Melee: War axe           |   120 |   187 |   309 |   159 ||   775
       Headbutt          |    19 |    25 |    56 |    45 ||   145
       Mace              |       |     6 |       |       ||     6
       Battleaxe         |       |       |       |    42 ||    42
       Morningstar       |       |       |       |    11 ||    11
Invok: Heroism           |       |       |       |     2 ||     2
  Use: Scroll            |       |     3 |    11 |     3 ||    17
       Potion            |       |     1 |     2 |       ||     3
  Eat: Chunk             |     3 |     7 |    20 |     8 ||    38
       Fruit             |       |     1 |     1 |       ||     2
       Royal jelly       |       |       |     1 |       ||     1
Armor: Scale mail        |     7 |       |       |       ||     7
       Chain mail        |    45 |    64 |   120 |    77 ||   306
Dodge: Dodged            |    27 |    39 |    63 |    69 ||   198
Block: Shield            |    69 |    90 |   146 |    60 ||   365
